 Dungeon Crawl Stone Soup version 0.22-a0-40-g3d2f077 (webtiles) character file.

70 tof the Slasher (level 4, 0/35 HPs)
             Began as a Demonspawn Monk on Jan 4, 2018.
             Slain by a hobgoblin
             ... wielding a +0 hand axe
              (2 damage)
             ... on level 2 of the Dungeon.
             The game lasted 00:03:01 (1980 turns).

tof the Slasher (Demonspawn Monk)                   Turns: 1980, Time: 00:03:02

Health: 0/35       AC:  5    Str: 12    XL:     4   Next: 4%
Magic:  4/4        EV: 11    Int: 11    God:
Gold:   46         SH:  0    Dex: 16    Spells: 3/3 levels left

rFire    . . .     SeeInvis .   a - +0 falchion
rCold    + . .     Gourm    .   (no shield)
rNeg     . . .     Faith    .   l - +0 ring mail
rPois    .         Spirit   .   (no helmet)
rElec    .         Reflect  .   (no cloak)
rCorr    .         Harm     .   (no gloves)
MR       .....                  (no boots)
Stlth    ..........             (no amulet)
HPRegen  0.11/turn              g - ring of loudness (curse)
MPRegen  0.09/turn              (no ring)

@: no status effects
A: cold resistance 1, powered by pain 1
a: no special abilities


You were on level 2 of the Dungeon.
You were not hungry.

You visited 1 branch of the dungeon, and saw 2 of its levels.

You collected 46 gold pieces.

Inventory:

Hand Weapons
 a - a +0 falchion (weapon)
Armour
 l - a +0 ring mail (worn)
Jewellery
 g - a cursed ring of loudness (left hand)
Wands
 m - a wand of polymorph (2)
Scrolls
 d - 2 scrolls of amnesia {unknown}
 e - 4 scrolls of identify {unknown}
 f - a scroll of enchant armour {unknown}
 i - a scroll of random uselessness {unknown}
 j - a scroll of magic mapping {unknown}
Potions
 b - a potion of mutation {unknown}
 h - a potion of degeneration {unknown}
 k - 2 potions of heal wounds {unknown}


   Skills:
 + Level 3.4 Fighting
 * Level 3.5 Long Blades
 + Level 1.2 Throwing
 + Level 1.2 Armour
 - Level 2.6 Dodging
 - Level 1.7 Stealth


You had 3 spell levels left.
You didn't know any spells.

Dungeon Overview and Level Annotations

Branches:
Dungeon (2/15)

Altars:
Fedhas
Xom

Annotations:
D:2 Natasha


Innate Abilities, Weirdness & Mutations

Your flesh is cold resistant. (rC+)
You sometimes gain a little power by taking damage.


Message History

You hit Natasha but do no damage.
Natasha is moderately wounded.
Natasha claws you. The hobgoblin closely misses you.
You hit Natasha.
Natasha is heavily wounded.
Natasha casts a spell at you. The magic dart hits you!
* * * LOW HITPOINT WARNING * * *
The hobgoblin hits you with a hand axe.
* * * LOW HITPOINT WARNING * * *
You hit Natasha.
Natasha is severely wounded.
Natasha claws you.
* * * LOW HITPOINT WARNING * * *
The hobgoblin barely misses you. Natasha claws you.
* * * LOW HITPOINT WARNING * * *
You closely miss Natasha.
Natasha is severely wounded.
The hobgoblin hits you with a hand axe.
You die...

#.# ######....# #.#
##...# #.#
########5..###.# #.#
#..............#
##.######h..#####
#.###...#.......#######
.......#.#...).......#
##..........######.#
#.g@h....##.# #.#
##...#.####.# #.#
#..##.# #.# #.# #<.##.#
#.# #.. #...... #.#
##.#
#...###.##.#####.##
#... #....#....## #...#
#.###...##.##
........#.....#


You could see Natasha and a hobgoblin.

Vanquished Creatures
  2 adders (D:2)
  A river rat (D:2)
  2 oozes
  A worm (D:2)
  2 dart slugs (D:2)
  2 giant cockroaches (D:1)
  3 goblins
  4 hobgoblins
  A ball python (D:1)
  6 bats
  4 frilled lizards (D:1)
  3 kobolds
  2 rats
33 creatures vanquished.

Notes
Turn   | Place    | Note
-------+----------+-------------------------------------------
     0 | D:1      | tof the Demonspawn Monk began the quest for the Orb.
     0 | D:1      | Reached XP level 1. HP: 18/18 MP: 1/1
   348 | D:1      | Gained mutation: You sometimes gain a little power by taking damage. [demonic ancestry]
   348 | D:1      | Reached XP level 2. HP: 24/24 MP: 2/2
  1016 | D:1      | You fall through a shaft!
  1034 | D:2      | Found a shimmering altar of Xom.
  1059 | D:2      | Reached skill level 1 in Throwing
  1059 | D:2      | Reached skill level 1 in Armour
  1059 | D:2      | Reached XP level 3. HP: 28/29 MP: 3/3
  1528 | D:2      | Found a blossoming altar of Fedhas.
  1538 | D:2      | Gained mutation: Your flesh is cold resistant. (rC+) [demonic ancestry]
  1538 | D:2      | Reached XP level 4. HP: 23/35 MP: 4/4
  1635 | D:2      | Noticed Natasha
  1980 | D:2      | Slain by a hobgoblin

Vault maps used:
D:1:      lemuel_arrival_muddy, serial_forest, infiniplex_forest_straight_4,
          infiniplex_forest_3_way, infiniplex_forest_straight_3,
          infiniplex_forest_clump_tiny, infiniplex_forest_clump_double,
          wad_floor_pattern_untrapped, minmay_distorted
D:2:      xom_butterflies, chequers_ecumenical_altar_lobes, fedhas_altar_3,
          uniq_natasha

Skill      XL: |  1  2 |
---------------+-------+-----
Long Blades    | 3 |  3.5
Throwing       | 1 |  1.2
Armour         | 1 |  1.2
Fighting       | |  3.4
Dodging        | |  2.6
Stealth        | |  1.7

Action                   |  1- 3 |  4- 6 || total
-------------------------+-------+-------++-------
Melee: Falchion          |   159 |    13 ||   172
Evoke: Wand              |     4 |     4 ||     8
  Eat: Chunk             |     2 |       ||     2
       Ration            |       |     1 ||     1
Armor: Robe              |     8 |       ||     8
       Scale mail        |    10 |       ||    10
       Ring mail         |    12 |    12 ||    24
Dodge: Dodged            |    67 |    17 ||    84
       Rpst.: Falchion   |    22 |     6 ||    28

Table legend:
 A = Spawn XP
 B = Non-spawn XP
 C = Spawn XP percentage of total XP
 D = Spawn monster count
 E = Non-spawn monster count
 F = Spawn count percentage of total count
 G = Total turns spent on level
                    A         B        C        D         E        F      G
               +---------+---------+-------+---------+---------+-------+---------
         Total |       0 |     101 |   0.0 |       0 |      33 |   0.0 |  1980
               +---------+---------+-------+---------+---------+-------+---------
           D:1 |       0 |      29 |   0.0 |       0 |      18 |   0.0 |  1240
           D:2 |       0 |      72 |   0.0 |       0 |      15 |   0.0 |   740
               +---------+---------+-------+---------+---------+-------+---------
